 Dungeon Crawl Stone Soup version 0.22-a0-422-g9628fc87f1 (webtiles) character file.

464 Banto the Sneak (level 7, 0/41 HPs)
             Began as an Octopode Earth Elementalist on May 21, 2018.
             Was an Initiate of Sif Muna.
             Killed from afar by an orc wizard (8 damage)
             ... with a magic dart
             ... on level 5 of the Dungeon on May 22, 2018.
             The game lasted 00:06:59 (3713 turns).

Banto the Sneak (Octopode Earth Elementalist)       Turns: 3713, Time: 00:06:59

Health: 0/41       AC:  1    Str:  7    XL:     7   Next: 8%
Magic:  0/10       EV: 13    Int: 19    God:    Sif Muna [......]
Gold:   135        SH:  0    Dex: 13    Spells: 4/10 levels left

rFire    . . .     SeeInvis .   a - +0 dagger
rCold    . . .     Gourm    .   (no shield)
rNeg     . . .     Faith    .   (helmet restricted)
rPois    .         Spirit   .   (no amulet)
rElec    .         Reflect  .   (no ring)
rCorr    .         Harm     .   (no ring)
MR       .....                  (no ring)
Stlth    +++++.....             (no ring)
HPRegen  0.13/turn              (no ring)
MPRegen  0.12/turn              (no ring)
                                (no ring)
                                (no ring)

@: very slightly contaminated
A: almost no armour, stealthy swim, amphibious, 8 rings, constrict 8, camouflage
1, gelatinous body 1
a: Renounce Religion


You were on level 5 of the Dungeon.
You worshipped Sif Muna.
Sif Muna was noncommittal.
You were hungry.

You visited 1 branch of the dungeon, and saw 5 of its levels.

You collected 135 gold pieces.

Inventory:

Hand Weapons
 a - a +0 dagger (weapon)
Missiles
 b - 153 stones (quivered)
Scrolls
 h - 2 scrolls of amnesia
Potions
 d - a potion of berserk rage {unknown}
 e - 2 potions of lignification
 f - a potion of curing
 g - a potion of invisibility {unknown}
 i - a potion of heal wounds {unknown}
Comestibles
 c - 2 rations


   Skills:
 - Level 2.0 Dodging
 + Level 7.7 Stealth
 - Level 2.0 Spellcasting
 - Level 1.0 Transmutations
 + Level 5.8 Earth Magic


You had 4 spell levels left.
You knew the following spells:

 Your Spells              Type           Power        Failure   Level  Hunger
a - Sandblast             Erth           ###...       1%          1    #......
b - Passwall              Tmut/Erth      ##........   6%          2    ###....
c - Stone Arrow           Conj/Erth      ##....       16%         3    ###....

Your spell library contained the following spells:

 Spells                   Type           Power        Failure   Level  Hunger
 Confuse                  Hex            #.......     45%         3    ###....
 Tukima's Dance           Hex            #.......     45%         3    ###....
 Ensorcelled Hibernation  Hex/Ice        #.....       26%         2    ###....
 Corona                   Hex            #......      17%         1    #......
 Lee's Rapid Deconstruct  Erth           ###.......   38%         5    ######.
 Petrify                  Tmut/Erth      ##......     38%         4    #####..
 Dazzling Spray           Conj/Hex       #.....       45%         3    ###....


Dungeon Overview and Level Annotations

Branches:
Dungeon (5/15)
 Temple: D:4-7

Altars:
Fedhas
Sif Muna

Annotations:
D:3 exclusion: oklob plant


Innate Abilities, Weirdness & Mutations

You cannot wear most types of armour.
You are very stealthy in the water. (Stealth+)
You are amphibious.
You can wear up to eight rings at the same time.
You can use your tentacles to constrict eight enemies at once.
Your skin changes colour to match your surroundings (Stealth+).
Your rubbery body absorbs attacks. (AC +1, EV +1)


Message History

The magic dart hits you!
* * * LOW HITPOINT WARNING * * *
You take 9 damage, and have 8/41 hp.
MASSIVE DAMAGE!!
Casting: Sandblast (safe; 1% risk of failure)
Confirm with . or Enter, or press ? or * to list all spells.
Aiming: Sandblast (safe; 1% risk of failure)
Press: ? - help, Shift-Dir - straight line
b - 154 stones Something hits you.
* * * LOW HITPOINT WARNING * * *
You now have 1/10 mp.
Casting: Sandblast (safe; 1% risk of failure)
Confirm with . or Enter, or press ? or * to list all spells.
Aiming: Sandblast (safe; 1% risk of failure)
Press: ? - help, Shift-Dir - straight line
b - 153 stones You hear some strange, mumbled words.
A magic dart appears from out of thin air!
The magic dart hits you!
You die...

#......######...#
#...............#
#......#######..#####
#.....................
#......##...........#.
#...?..##.###..####.#
######.....o<)#..# #
.....o......#{#..#
.....o......#@#..#
............#.#..#
.?.....J......#...
............####.#
.......###.... ###.8..
...8.# #.... )%....#
...


There were no monsters in sight!

Vanquished Creatures
  An ogre (D:4)
  A scorpion (D:4)
  A hound (D:4)
  A jelly (D:5)
  An orc priest (D:4)
  A bullfrog skeleton (D:4)
  An orc wizard (D:4)
  A worker ant (D:4)
  4 adders
  3 oozes
  A worm (D:3)
  2 dart slugs
  5 leopard geckos
  20 orcs
  2 giant cockroaches
  8 goblins
  2 hobgoblins (D:1)
  7 jackals
  4 kobolds
  A quokka (D:3)
  A ball python (D:3)
  5 bats
  6 frilled lizards
  6 rats
85 creatures vanquished.

Vanquished Creatures (others)
  10 toadstools (D:3)
10 creatures vanquished.

Grand Total: 95 creatures vanquished

Notes
Turn   | Place    | Note
-------+----------+-------------------------------------------
     0 | D:1      | Banto the Octopode Earth Elementalist began the quest for the Orb.
     0 | D:1      | Reached XP level 1. HP: 11/11 MP: 3/3
    30 | D:1      | Reached skill level 3 in Stealth
    37 | D:1      | Reached XP level 2. HP: 12/17 MP: 0/5
   458 | D:1      | Reached XP level 3. HP: 15/21 MP: 4/6
   566 | D:1      | Reached skill level 4 in Stealth
  1507 | D:3      | Reached XP level 4. HP: 23/27 MP: 5/7
  1657 | D:3      | Learned a level 2 spell: Passwall
  1661 | D:3      | Learned a level 3 spell: Stone Arrow
  1813 | D:3      | Reached skill level 5 in Stealth
  2154 | D:3      | Reached XP level 5. HP: 31/31 MP: 3/8
  2260 | D:3      | Found a blossoming altar of Fedhas.
  2402 | D:3      | Noticed an oklob plant
  2752 | D:4      | Reached skill level 6 in Stealth
  2827 | D:4      | Reached skill level 5 in Earth Magic
  2843 | D:4      | Reached XP level 6. HP: 26/36 MP: 5/9
  2872 | D:4      | Reached skill level 7 in Stealth
  3188 | D:4      | Found a deep blue altar of Sif Muna.
  3233 | D:4      | Became a worshipper of Sif Muna the Loreminder
  3628 | D:5      | Entered Level 5 of the Dungeon
  3704 | D:5      | Reached XP level 7. HP: 30/41 MP: 8/10
  3713 | D:5      | Killed from afar by an orc wizard

Vault maps used:
D:1:      shiori_shiawase
D:2:      first_ration
D:3:      tgw_fedhas, cheibrodos_sewer_entry_bend, hangedman_decor_growths
D:4:      lemuel_blue_sif_altar
D:5:      nicolae_dithmenos_shadow_blocks, eat_drink_and_be_merry_uskayaw,
          serial_shops, nicolae_shop_crystal, serial_bayou_pond_c,
          cheibrodos_ashenzari_chains

Skill      XL: |  1  2  3  4  5  6 |
---------------+-------------------+-----
Stealth        | 3 4 5 6 7 |  7.7
Earth Magic    | 4 5 |  5.8
Dodging        | |  2.0
Spellcasting   | |  2.0
Transmutations | |  1.0

Action                   |  1- 3 |  4- 6 |  7- 9 || total
-------------------------+-------+-------+-------++-------
Melee: Unarmed           |    28 |       |       ||    28
       Constrict         |    18 |    16 |       ||    34
       Tentacles         |    10 |    15 |       ||    25
       Dagger            |    61 |    74 |       ||   135
       Club              |     2 |       |       ||     2
 Cast: Sandblast         |    10 |    50 |     9 ||    69
       Passwall          |       |     1 |       ||     1
       Stone Arrow       |       |     1 |       ||     1
  Use: Scroll            |     1 |     5 |       ||     6
 Stab: Sleeping          |    10 |     8 |       ||    18
  Eat: Chunk             |     1 |     8 |       ||     9
Armor: Skin              |    13 |     5 |       ||    18
Dodge: Dodged            |    66 |    51 |     2 ||   119

Table legend:
 A = Spawn XP
 B = Non-spawn XP
 C = Spawn XP percentage of total XP
 D = Spawn monster count
 E = Non-spawn monster count
 F = Spawn count percentage of total count
 G = Total turns spent on level
                    A         B        C        D         E        F      G
               +---------+---------+-------+---------+---------+-------+---------
         Total |       0 |     664 |   0.0 |       0 |      85 |   0.0 |  3713
               +---------+---------+-------+---------+---------+-------+---------
           D:1 |       0 |      53 |   0.0 |       0 |      23 |   0.0 |   923
           D:2 |       0 |      23 |   0.0 |       0 |      11 |   0.0 |   578
           D:3 |       0 |     106 |   0.0 |       0 |      28 |   0.0 |  1241
           D:4 |       0 |     427 |   0.0 |       0 |      18 |   0.0 |   886
           D:5 |       0 |      55 |   0.0 |       0 |       5 |   0.0 |    85
               +---------+---------+-------+---------+---------+-------+---------

Table legend:
 A = Turns spent in this place as a percentage of turns spent in the entire game.
 B = Non-inter-level travel turns spent in this place as a percentage of non-inter-level travel turns spent in the entire game.
 C = Inter-level travel turns spent in this place as a percentage of turns spent in this place.
 D = Turns resting spent in this place as a percentage of non-inter-level travel turns spent in this place.
 E = Turns spent auto-exploring this place as a percentage of non-inter-level travel turns spent in this place.
 F = Non-inter-level travel turns spent in this place divided by the number of levels of this place that you've seen.
                   A       B       C       D       E      F
               +-------+-------+-------+-------+-------+----------------------
         Total | 100.0 | 100.0 |   6.8 |  23.7 |  50.8 | 692.0
       Dungeon | 100.0 | 100.0 |   6.8 |  23.7 |  50.8 | 692.0
               +-------+-------+-------+-------+-------+----------------------

Table legend:
 A = Kills in this place as a percentage of kills in entire the game.
 B = Kills by you in this place as a percentage of kills by you in the entire game.
 C = Kills by friends in this place as a percentage of kills by friends in the entire game.
 D = Other kills in this place as a percentage of other kills in the entire game.
 E = Experience gained in this place as a percentage of experience gained in the entire game.
 F = Experience gained in this place divided by the number of levels of this place that you have seen.
                   A       B       C       D       E      F
               +-------+-------+-------+-------+-------+----------------------
         Total | 100.0 | 100.0 |   N/A |   N/A | 100.0 | 132.8
       Dungeon | 100.0 | 100.0 |   N/A |   N/A | 100.0 | 132.8
               +-------+-------+-------+-------+-------+----------------------
